 Dungeon Crawl Stone Soup version 0.29.1-15-g9cfb28693d (webtiles) character file.

Game seed: 11466313022649504716

1318 croobank the Nimble (level 8, -4/38 HPs)
             Began as a Felid Summoner on Apr 7, 2023.
             Was an Initiate of Gozag.
             Killed by an exploding hound (20 damage)
             ... ignited by their inner flame
             ... on level 7 of the Dungeon on Apr 8, 2023.
             The game lasted 00:50:08 (10633 turns).

croobank the Nimble (Felid Summoner)               Turns: 10633, Time: 00:50:09

Health: -4/38      AC:  6    Str: 10    XL:     8   Next: 33%
Magic:  2/17       EV: 21    Int: 21    God:    Gozag
Gold:   481        SH:  0    Dex: 16    Spells: 5/18 levels left
                                        Lives:  0   Deaths: 2

rFire   . . .      SeeInvis +   (weapon unavailable)
rCold   + . .      Faith    .   (shield unavailable)
rNeg    . . .      Spirit   .   (body armour unavailable)
rPois   +          Reflect  .   (helmet unavailable)
rElec   .          Harm     .   (cloak unavailable)
rCorr   .          Rampage  .   (gloves unavailable)
Will    +....                   (boots unavailable)
Stlth   ++........              (no amulet)
HPRegen 0.12/turn               l - +6 ring of strength
MPRegen 0.15/turn               i - ring of poison resistance

@: gold aura, quick
A: very small, claws 1, fangs 3, see invisible, speed 1, shaggy fur 2, stealthy
paws, no weapons or thrown items, no armour, multi-lived, iridescent scales 2,
cold resistance 1
a: Renounce Religion, Potion Petition, Call Merchant, Bribe Branch


You were on level 7 of the Dungeon.
You worshipped Gozag.
Gozag was aware of your devotion.
You visited 2 branches of the dungeon, and saw 8 of its levels.
You also visited: Sewer.

You collected 575 gold pieces.
You paid 94 gold pieces to Gozag.

Inventory:

Jewellery
 i - a ring of poison resistance (right paw)
 l - a +6 ring of strength (left paw)
Wands
 b - a wand of polymorph (4)
 c - a wand of digging (2)
 n - a wand of iceblast (6)
 p - a wand of acid (2)
Scrolls
 o - 2 scrolls of immolation
 q - a scroll of poison
Potions
 d - a potion of resistance
 e - a potion of haste
 f - 2 potions of curing
 g - a potion of lignification
 h - a potion of might
 j - 3 potions of berserk rage
 k - 2 potions of flight {unknown}


   Skills:
 + Level 5.7 Fighting
 + Level 8.0 Dodging
 - Level 2.6 Stealth
 + Level 5.6 Spellcasting
 - Level 5.0 Hexes
 + Level 7.1 Summonings
 + Level 1.2 Ice Magic
 * Level 5.7 Air Magic


You had 5 spell levels left.
You knew the following spells:

 Your Spells              Type           Power      Damage    Failure   Level
a - Summon Small Mammal   Summ           100%       N/A       1%          1
b - Call Imp              Summ           35%        N/A       1%          2
c - Call Canine Familiar  Summ           35%        N/A       1%          3
d - Summon Guardian Gole  Hex/Summ       31%        N/A       2%          3
e - Summon Lightning Spi  Summ/Air       32%        N/A       7%          4

Your spell library contained the following spells:

 Spells                   Type           Power      Damage    Failure   Level
 Frozen Ramparts          Ice            20%        1d4       19%         3
 Summon Ice Beast         Ice/Summ       23%        N/A       19%         4
 Ice Form                 Ice/Tmut       8%         N/A       61%         4


Dungeon Overview and Level Annotations

Branches:
Dungeon (7/15)             Temple (1/1) D:5           Sewer (visited)

Altars:
Cheibriados
Elyvilon
Fedhas
Gozag
Hepliaklqana
Kikubaaqudgha
Nemelex Xobeh
Okawaru
Wu Jian
Yredelemnul
Zin

Annotations:
D:6 2 runed translucent doors, OldMeatloaf's ghost, novice MiBe
D:7 1 runed translucent door, dlwiii's ghost, novice FeSu


Innate Abilities, Weirdness & Mutations

You have sharp claws.
You have razor-sharp teeth.
You have supernaturally acute eyesight. (SInv)
You cover ground quickly. (Speed+)
You are covered in thick fur. (AC +2)
Your paws help you pounce on unaware monsters.
You are incapable of wielding weapons or throwing items.
You cannot wear armour.
You gain extra lives every three experience levels.
You are mostly covered in iridescent scales. (AC +4)
Your flesh is cold resistant. (rC+)


Message History

Your hound bites the gnoll bouda.
An orc priest comes into view. It is wielding a +0 flail.
The gnoll bouda misses your crimson imp.
The orc hits your crimson imp with a +0 whip.
Your crimson imp hits the orc.
Really read the scroll of immolation?
As you read the scroll of immolation, it crumbles to dust.
The creatures around you are filled with an inner flame!
Your hound bites the gnoll bouda but does no damage.
The jelly is distracted by your dazzling golden aura.
The gnoll bouda closely misses your crimson imp.
The orc misses your crimson imp.
The gnoll is distracted by your dazzling golden aura.
Your hound closely misses the gnoll bouda.
Your crimson imp hits the orc.
The orc explodes!
The fiery explosion engulfs your crimson imp.
Your crimson imp completely resists.
Your crimson imp is lightly wounded.
The fiery explosion engulfs the gnoll!!
The fiery explosion engulfs the gnoll bouda!
Flame seeps out of the gnoll bouda.
The gnoll bouda is almost dead.
The fiery explosion engulfs the orc!!!
The orc explodes!
The fiery explosion engulfs the gnoll bouda!!!
The gnoll bouda explodes!
The fiery explosion engulfs your hound!!
Your hound's corpse disappears in a puff of smoke!
The fiery explosion engulfs your crimson imp.
Your crimson imp completely resists.
Your crimson imp is lightly wounded.
Your hound explodes!
The fiery explosion engulfs your crimson imp.
Your crimson imp completely resists.
Your crimson imp is lightly wounded.
The fiery explosion engulfs you!!
Ouch! That really hurt!
You die...
Your body crumbles into a pile of gold.

.#####$...#z #...#. ...©§.§......
.... ##. #...§§#.###.#. ...#
....! ... #.#.#.#.#.#.#.#
#..##.##.##.... .#.#.#.#.#.#.#.##
#$..$...!......
#.#.#.#.#.#.#.#.###.....##......#
.#.#.#.#.#.#$#....$...$.##..###.#
#.#.#.#.#.#.#....$...#..##..+3#..
.#.#.#.#.#.#.#.§@...$#####..###..
#.#.#)#$#.#.#J.§5§○.○...........#
.#.#.#z#.#.#.#§§§§☼.○$...........
#.#.#.#.#.#.#.#§§§☼☼.......$.#.##
.#.#.#.#.#.#.#.###§...##.........
#.#.#.#(#.#.#.#.......##.###.#.##
.#o#.#.#.#.#.#.#..o...##.........
#.#.#.#.#.#.#.#..#....##§.##.#.##
.#.#.#.#.#)#.#.#.#....##c.##.#.#


You could see a jelly (inner flame, unaware), an orc priest (inner flame) and a
friendly crimson imp (summoned, inner flame).

Vanquished Creatures
  A lemure (D:5)
  A gnoll sergeant (D:7)
  A scorpion (D:4)
  3 killer bees (D:7)
  A gnoll bouda (D:7)
  4 gnolls (D:7)
  2 orcs
  3 endoplasms
  A giant cockroach (D:1)
  3 goblins
  2 hobgoblins
  3 jackals (D:1)
  A bat (D:3)
26 creatures vanquished.

Vanquished Creatures (collateral kills)
  Sigmund (D:2)
  Eustachio (D:6)
  A water moccasin (D:7)
  2 black bears (D:6)
  An ice beast (D:6)
  2 phantoms (D:5)
  2 necrophages
  4 scorpions
  2 nameless horrors
  An iron imp (D:6)
  3 jellies (Sewer)
  3 iguanas
  2 orc wizards
  Terence (D:2)
  6 gnolls
  6 adders
  A river rat (Sewer)
  2 white imps
  5 worms
  A dart slug (D:3)
  13 orcs
  6 ball pythons
  2 bats
  17 endoplasms
  2 giant cockroaches
  6 goblins
  6 hobgoblins
  10 jackals
  9 kobolds
  4 quokkas
  6 frilled lizards
  10 rats
138 creatures vanquished.

Vanquished Creatures (others)
  Pikel (D:5)
  Maggie (D:6)
  Grinder (D:5)
  A sky beast (D:6)
  A black bear (D:6)
  An ogre (D:6)
  A centaur (D:7)
  A lemure (D:5)
  A scorpion (D:6)
  2 wights (D:7)
  2 gnolls (D:5)
  An ufetubus (D:4)
14 creatures vanquished.

Grand Total: 178 creatures vanquished

Notes
Turn   | Place    | Note
-------+----------+-------------------------------------------
     0 | D:1      | croobank the Felid Summoner began the quest for the Orb.
     0 | D:1      | Reached XP level 1. HP: 7/7 MP: 4/4
   352 | D:1      | Reached skill level 3 in Dodging
   352 | D:1      | Reached XP level 2. HP: 12/12 MP: 1/6
   398 | D:1      | Learned a level 2 spell: Call Imp
   867 | D:1      | Reached skill level 1 in Fighting
  1248 | D:1      | Reached XP level 3. HP: 8/15 MP: 3/7
  1856 | D:1      | Learned a level 3 spell: Call Canine Familiar
  2103 | D:2      | Noticed Sigmund
  2127 | D:2      | Killed Sigmund
  2128 | D:2      | Reached skill level 4 in Dodging
  2128 | D:2      | Reached XP level 4. HP: 20/20 MP: 0/9
  2128 | D:2      | Reached XP level 5. HP: 23/23 MP: 0/10
  2603 | D:2      | Noticed Terence
  2629 | D:2      | Killed Terence
  2630 | D:2      | Reached skill level 5 in Summonings
  3074 | D:2      | Gained mutation: You are covered in thick fur. (AC +2)
                  | [Felid growth]
  3074 | D:2      | Reached XP level 6. HP: 27/27 MP: 6/12
  3078 | D:2      | Learned a level 3 spell: Summon Guardian Golem
  3809 | D:3      | Found a glowing silver altar of Zin.
  4110 | D:3      | You fall into a shaft and drop 3 floors!
  4113 | D:6      | Noticed Maggie
  4141 | D:6      | Reached skill level 1 in Hexes
  4304 | D:6      | Found a large runed translucent door.
  4316 | D:6      | Reached skill level 5 in Dodging
  4334 | D:6      | Noticed an ice beast
  4337 | D:6      | Found a large runed translucent door.
  4337 | D:6      | Noticed OldMeatloaf's ghost (novice MiBe)
  4414 | D:6      | Found a faded altar of an unknown god.
  4414 | D:6      | Found a faded altar of an unknown god.
  4414 | D:6      | Found a faded altar of an unknown god.
  4414 | D:6      | Found a hazy altar of Hepliaklqana.
  4447 | D:6      | Gained mutation: You are partially covered in iridescent
                  | scales. (AC +2) [potion of mutation]
  4447 | D:6      | Gained mutation: You are weak. (Str -2) [potion of
                  | mutation]
  4447 | D:6      | Gained mutation: You are strong-willed. (Will+) [potion of
                  | mutation]
  4466 | D:5      | Entered Level 5 of the Dungeon
  4714 | D:5      | Noticed Grinder
  4888 | D:4      | Reached XP level 7. HP: 30/31 MP: 3/13
  4971 | D:4      | Found a glowing drain.
  4987 | D:4      | Learned a level 4 spell: Summon Lightning Spire
  5002 | Sewer    | Entered a sewer
  5201 | Sewer    | Found a viscous altar of Jiyva.
  5749 | D:3      | Reached skill level 1 in Air Magic
  6129 | D:3      | Found a white marble altar of Elyvilon.
  6281 | D:4      | Identified the +5 long sword "Rabbil" {antimagic, rElec rN+
                  | Int+2 Stlth+}
  6951 | D:4      | Found a sparkling altar of Nemelex Xobeh.
  6960 | D:4      | Found an iron altar of Okawaru.
  7023 | D:4      | Found a blossoming altar of Fedhas.
  7099 | D:5      | Killed Grinder
  7231 | D:5      | Reached XP level 8. HP: 29/36 MP: 9/15
  7305 | D:5      | Lost mutation: You are strong-willed. (Will+) [potion of
                  | mutation]
  7305 | D:5      | Lost mutation: You are weak. (Str -2) [potion of mutation]
  7305 | D:5      | Gained mutation: You are mostly covered in iridescent
                  | scales. (AC +4) [potion of mutation]
  7305 | D:5      | Gained mutation: Your flesh is cold resistant. (rC+)
                  | [potion of mutation]
  7332 | D:5      | Reached skill level 6 in Dodging
  7407 | D:5      | Found a staircase to the Ecumenical Temple.
  7433 | D:5      | Noticed Pikel
  7434 | Temple   | Entered the Ecumenical Temple
  7444 | Temple   | Became a worshipper of Gozag Ym Sagoz the Greedy
  7482 | D:5      | Killed Pikel
  8508 | D:5      | Reached skill level 5 in Hexes
  8850 | D:6      | Killed Maggie
  8850 | D:6      | Killed by an exploding themself... ignited by their inner
                  | flame
  8851 | D:6      | Reached XP level 7. HP: -8/33 MP: 0/15
  8851 | D:6      | Reached skill level 5 in Fighting
  8851 | D:6      | Reached skill level 7 in Dodging
  8851 | D:6      | Reached skill level 5 in Spellcasting
  8851 | D:6      | Reached XP level 8. HP: 37/37 MP: 16/16
  8952 | D:6      | Found an ancient bone altar of Kikubaaqudgha.
  9454 | D:6      | Reached skill level 5 in Air Magic
  9605 | D:6      | Found a snail-covered altar of Cheibriados.
  9844 | D:6      | Found a basalt altar of Yredelemnul.
  9883 | D:6      | Noticed Eustachio
  9902 | D:6      | Killed Eustachio
 10193 | D:7      | Reached XP level 9. HP: 40/40 MP: 7/18
 10508 | D:7      | Noticed dlwiii's ghost (novice FeSu)
 10571 | D:7      | Found a runed translucent door.
 10571 | D:7      | Noticed a sixfirhy
 10581 | D:7      | Reached skill level 1 in Ice Magic
 10603 | D:7      | Shot with an arrow by a centaur
 10604 | D:7      | Reached XP level 8. HP: 0/38 MP: 1/17
 10622 | D:7      | Reached skill level 8 in Dodging
 10633 | D:7      | Killed by an exploding hound... ignited by their inner
                  | flame

Illustrated notes

Levels and vault maps discovered:
D:1:      psy_arrival_statuary, layout_basic
D:2:      layout_loops_ring, nicolae_underground_beach, uniq_terence,
          uniq_sigmund
D:3:      layout_rooms, mainiacjoe_overflow_chevrons,
          nicolae_elyvilon_temple_path
D:4:      layout_gridville, fedhas_altar_4, mainiacjoe_overflow_swirl,
          cheibrodos_sewer_entry_drain, minmay_surrounded
D:5:      layout_gridville, minmay_temple_entry_waves, uniq_pikel, uniq_grinder
D:6:      layout_cave_pools, nicolae_hepliaklqana_ecumenical_no_more,
          mainiacjoe_overflow_24_doors, slow_altar_2, general_overflow_altar,
          ebering_ghost_disaster_area, chequers_serial_rivers_large_b,
          chequers_serial_rivers_marsh, minmay_fractal_squares_diagonal_5,
          uniq_eustachio, uniq_maggie
D:7:      cheibrodos_shockbox, layout_basic, gammafunk_ghost_wrathful_warriors,
          hellmonk_guarded_unrand_gong
Temple:   hellmonk_temple_flake

Skill      XL: |  1  2  3  4  5  6  7  8  9 |
---------------+----------------------------+-----
Dodging        | 3 4 5 7 8 |  8.0
Fighting       | 1 2 3 5 |  5.7
Spellcasting   | 3 5 |  5.6
Summonings     | 5 6 7 |  7.1
Hexes          | 2 3 5 |  5.0
Air Magic      | 2 5 |  5.7
Ice Magic      | 1 |  1.2
Stealth        | |  2.6

Action                   |  1- 3 |  4- 6 |  7- 9 || total
-------------------------+-------+-------+-------++-------
Melee: Unarmed           |    20 |    12 |    52 ||    84
       Bite              |     3 |     3 |     5 ||    11
 Cast: Summon Small Mamm |    46 |    17 |    69 ||   132
       Call Imp          |    11 |    13 |    29 ||    53
       Call Canine Famil |     4 |    19 |    47 ||    70
       Summon Guardian G |       |     9 |    20 ||    29
       Summon Lightning  |       |       |    13 ||    13
Evoke: Wand              |       |       |     1 ||     1
  Use: Scroll            |     1 |     7 |    11 ||    19
       Potion            |       |     5 |     9 ||    14
 Stab: Sleeping          |     2 |     1 |     1 ||     4
       Distracted        |       |       |     2 ||     2
Armor: Skin              |     4 |     2 |    29 ||    35
Dodge: Dodged            |    29 |    18 |   138 ||   185
